 Dungeon Crawl Stone Soup version 0.27.1 (webtiles) character file.

Game seed: 11686152422754416316

26 nxtlvl the Ruffian (level 2, -2/29 HPs)
             Began as a Troll Abyssal Knight on Sept 4, 2021.
             Was a Follower of Lugonu.
             Hit by a boomerang thrown by an orc (6 damage)
             ... on level 3 of the Dungeon.
             The game lasted 00:02:44 (460 turns).

nxtlvl the Ruffian (Troll Abyssal Knight)            Turns: 460, Time: 00:02:44

Health: -2/29      AC:  4    Str: 19    XL:     2   Next: 89%
Magic:  2/2        EV:  9    Int:  8    God:    Lugonu [*.....]
Gold:   14         SH:  0    Dex:  9    Spells: 1/1 levels left

rFire    . . .     SeeInvis .     - Unarmed
rCold    . . .     Faith    .   (no shield)
rNeg     . . .     Spirit   .   a - +0 robe
rPois    .         Reflect  .   (helmet restricted)
rElec    .         Harm     .   (no cloak)
rCorr    .         Rampage  .   (gloves unavailable)
Will     .....                  (boots unavailable)
Stlth    +.........             (no amulet)
HPRegen  1.09/turn              (no ring)
MPRegen  0.08/turn              (no ring)

@: no status effects
A: large, unfitting armour, claws 3, regeneration 1, shaggy fur 1, tough skin 1
a: Renounce Religion, Depart the Abyss


You were on level 3 of the Dungeon.
You worshipped Lugonu.
Lugonu was aware of your devotion.
You visited 1 branch of the dungeon, and saw 3 of its levels.
You visited the Abyss 1 time.

You collected 14 gold pieces.

Inventory:

Hand Weapons
 b - a +0 hunting sling of flaming
Missiles
 d - 69 sling bullets
 h - 9 poisoned darts
Armour
 a - a +0 robe (worn)
Scrolls
 e - 2 scrolls of enchant weapon {unknown}
 f - a scroll of identify {unknown}
 k - a scroll of amnesia {unknown}
Potions
 c - 2 potions of might {unknown}
 g - a potion of haste {unknown}
 i - a potion of degeneration {unknown}
 j - a potion of curing {unknown}


   Skills:
 - Level 2.4 Fighting
 - Level 1.9 Dodging
 * Level 3.4 Unarmed Combat
 - Level 1.5 Invocations


You had one spell level left.
You didn't know any spells.
Your spell library was empty.

Dungeon Overview and Level Annotations

Branches:
Dungeon (3/15)

Altars:
Uskayaw


Innate Abilities, Weirdness & Mutations

You are too large for most types of armour.
You have claws for hands.
Your natural rate of healing is unusually fast.
You are covered in fur. (AC +1)
You have tough skin. (AC +1)


Message History

You are confused.
You hear some strange, mumbled words.
A puff of flame appears from out of thin air!
The puff of flame hits you. Something hits you but does no damage.
The orc throws a boomerang.
The boomerang closely misses you.
You hear some strange, mumbled words.
You are more confused.
You bump into the rock wall.
You hear some strange, mumbled words.
Something tries to affect you, but you resist.
You bump into the rock wall.
You hear some strange, mumbled words.
A magic dart appears from out of thin air!
The magic dart hits you!
You're too confused to move!
Something hits you.
You bump into the rock wall.
Something hits you.
The orc throws a boomerang.
The boomerang hits you.
You bump into the rock wall.
You feel less confused.
You hear some strange, mumbled words.
Something tries to affect you, but you resist.
The orc throws a boomerang.
You barely miss something. Something hits you but does no damage.
The orc throws a boomerang.
You barely miss something. Something hits you but does no damage.
The orc throws a boomerang.
The boomerang hits you. The worm barely misses you.
You miss something. Something hits you. The worm barely misses you.
You closely miss something. Something hits you.
The orc throws a boomerang.
The boomerang hits you.
* * * LOW HITPOINT WARNING * * *
You miss something. Something hits you.
* * * LOW HITPOINT WARNING * * *
The worm closely misses you.
You miss something. Something hits you.
* * * LOW HITPOINT WARNING * * *
You miss something. Something hits you but does no damage. The worm bites you.
* * * LOW HITPOINT WARNING * * *
The orc throws a boomerang.
The boomerang hits you.
You die...

............#
............#
............#
............# #
..........# .
........# # .
#......# #
....##)##### #
####.....oo{@#
#####..#########w#
......#.........##
'######.≈§≈≈≈≈≈.#
...# #≈..≈≈≈§.≈#
...# #≈.≈..§≈§≈#
...# #≈.≈._.≈.≈#
...# #≈.≈§.§≈.≈#
##). #≈..≈§§§.≈#


You could see a worm and 2 orcs.

Vanquished Creatures
  An adder (D:3)
  A dart slug (D:2)
  An orc (D:3)
  An endoplasm (D:2)
  A giant cockroach (D:1)
  2 hobgoblins (D:3)
  2 jackals (D:2)
  A quokka (D:2)
  A ball python (D:1)
  A bat (D:3)
  2 frilled lizards (D:2)
14 creatures vanquished.

Vanquished Creatures (others)
  2 fungi (D:3)
  2 plants (D:3)
4 creatures vanquished.

Grand Total: 18 creatures vanquished

Notes
Turn   | Place    | Note
-------+----------+-------------------------------------------
     0 | Abyss:1  | nxtlvl the Troll Abyssal Knight began the quest for the
                  | Orb.
     0 | Abyss:1  | Reached XP level 1. HP: 22/22 MP: 1/1
     7 | D:1      | Escaped the Abyss
   329 | D:2      | Reached XP level 2. HP: 27/29 MP: 2/2
   343 | D:3      | Reached skill level 3 in Unarmed Combat
   413 | D:3      | Found a hide-covered altar of Uskayaw.
   460 | D:3      | Hit by a boomerang thrown by an orc

Illustrated notes

Levels and vault maps discovered:
D:1:      scummos_arrival_star, layout_loops_ring, glass_columns_b
D:2:      layout_basic, grunt_ministairs_14, uniq_robin, uniq_terence
D:3:      layout_basic, mainiacjoe_overflow_paths,
          gammafunk_temple_overflow_pools, nicolae_overflow_hidden_temple,
          serial_curves, eino_curves_04, eino_curves_02,
          dreamdust_ecumenical_altar_grove, minmay_fractal_squares_gapless_5

Skill      XL: |  1  2 |
---------------+-------+-----
Unarmed Combat | 3 |  3.4
Fighting       | |  2.4
Dodging        | |  1.9
Invocations    | |  1.5

Action                   || total
-------------------------++-------
Melee: Unarmed           ||    44
       Hunting sling     ||     4
       Punch             ||     1
 Fire: Hunting sling     ||     2
 Stab: Sleeping          ||     2
Armor: Robe              ||    16
Dodge: Dodged            ||    15
